 Dungeon Crawl Stone Soup version 0.30-a0-1008-g30c9307041 (webtiles) character file.

Game seed: 17149095668311421846

5 DeathPants the Chopper (level 1, -14/16 HPs)
             Began as a Demonspawn Gladiator on Apr 5, 2023.
             Demolished by a goblin
             ... wielding a +2 dagger of electrocution
              (15 damage)
             ... on level 1 of the Dungeon.
             The game lasted 00:00:44 (145 turns).

DeathPants the Chopper (Demonspawn Gladiator)        Turns: 145, Time: 00:00:44

Health: -14/16     AC:  4    Str: 14    XL:     1   Next: 66%
Magic:  1/1        EV: 12    Int:  9    God:
Gold:   58         SH:  0    Dex: 14    Spells: 0/0 levels left

rFire   . . .      SeeInvis .    a - +0 war axe
rCold   . . .      Faith    .    (no shield)
rNeg    . . .      Spirit   .    b - +0 leather armour
rPois   .          Reflect  .    c - +0 helmet
rElec   .          Rampage  .    (no cloak)
rCorr   .                        (no gloves)
Will    .....                    (no boots)
Stlth   +                        (no amulet)
HPRegen 0.22/turn                (no ring)
MPRegen 0.07/turn                (no ring)

@: no status effects
A: no striking features
a: no special abilities


You were on level 1 of the Dungeon.
You visited 1 branch of the dungeon, and saw 2 of its levels.

You collected 58 gold pieces.

Inventory:

Hand Weapons
 a - a +0 war axe (weapon)
Missiles
 d - 3 throwing nets (quivered)
 e - a javelin
Armour
 b - a +0 leather armour (worn)
 c - a +0 helmet (worn)
Potions
 f - 2 potions of curing {unknown}


   Skills:
 + Level 2.1 Fighting
 * Level 2.8 Axes
 - Level 1.7 Throwing
 + Level 0.2 Armour
 + Level 2.7 Dodging


You couldn't memorise any spells.
You didn't know any spells.
Your spell library contained the following spells:

 Spells                   Type           Power      Damage    Failure   Level
 Necrotise                Necr           0%         1d4       45%         1
 Vampiric Draining        Necr           0%         2d6       83%         3
 Agony                    Necr           0%         N/A       100%        5


Dungeon Overview and Level Annotations

Branches:
Dungeon (2/15)

Altars:


Message History

You see here a bat corpse.
f - 2 ruby potions (gained 1)
Found a stone staircase leading down.
Found a stone staircase leading down.
A bat comes into view.
The bat barely misses you.
Found 4 gold pieces.
The bat barely misses you.
You closely miss the bat. The bat closely misses you. x2
Found 17 gold pieces.
The bat closely misses you. The bat hits you but does no damage.
You closely miss the bat. The bat hits you but does no damage.
You closely miss the bat. The bat closely misses you.
The bat hits you but does no damage.
You hit the bat but do no damage. Your punch misses the bat.
The bat barely misses you.
You closely miss the bat. The bat hits you.
You barely miss the bat. The bat barely misses you. The bat closely misses you.
You barely miss the bat. The bat barely misses you.
The bat hits you but does no damage.
You slash the bat!
You kill the bat!
There is a stone staircase leading down here.
You climb downwards.
There is a stone staircase leading up here.
You climb upwards.
There is a stone staircase leading down here.
You now have 54 gold pieces (gained 17).
You now have 58 gold pieces (gained 4).
A goblin comes into view.
It is wielding a +2 dagger of electrocution.
The goblin hits you with a +2 dagger of electrocution.
You are electrocuted!
Ouch! That really hurt!
* * * LOW HITPOINT WARNING * * *
You closely miss the goblin.
The goblin hits you with a +2 dagger of electrocution.
* * * LOW HITPOINT WARNING * * *
You closely miss the goblin. The goblin hits you but does no damage.
You are electrocuted!
Ouch! That really hurt!
You die...

## #.##......## .#
#.##...#...# ###
####.##.......##
##.##..#.##........
##.##....#>.#....#
.................#
....>............#
#.##.†...........####...
#.##.#..........@g......
#.##.#..................
#.##....................
........................
................#.......
..##..###########.......
.....## ######. ...###
.....


You could see a goblin.

Vanquished Creatures
  2 bats (D:1)
  An endoplasm (D:1)
  A giant cockroach (D:1)
  A rat (D:1)
5 creatures vanquished.

Notes
Turn   | Place    | Note
-------+----------+-------------------------------------------
     0 | D:1      | DeathPants the Demonspawn Gladiator began the quest for the
                  | Orb.
     0 | D:1      | Reached XP level 1. HP: 16/16 MP: 1/1
   145 | D:1      | Demolished by a goblin

Illustrated notes

Levels and vault maps discovered:
D:1:      reono_arrival_mine, layout_rooms, st_stairs_4, minivault_23
D:2:      layout_basic

Action                     || total
---------------------------++-------
  Melee: War axe           ||    17
         Punch             ||     1
   Stab: Sleeping          ||     1
 Armour: Leather armour    ||     5
  Dodge: Dodged            ||    13

Table legend: (Time is in decaauts)
 A = Elapsed time spent in this place.
 B = Non-inter-level travel time spent in this place.
 C = Inter-level travel time spent in this place.
 D = Time resting spent in this place.
 E = Time spent auto-exploring this place.
 F = Levels seen in this place.
 G = Mean time per level.
                   A        B        C        D        E       F      G
               +--------+--------+--------+--------+--------+-----+--------+
         Total |    151 |    151 |      0 |      0 |     82 |   2 |   75.5 |
       Dungeon |    151 |    151 |      0 |      0 |     82 |   2 |   75.5 |
               +--------+--------+--------+--------+--------+-----+--------+

Top non-repeatable levels by time:
     D:1: 149 daAuts
     D:2: 1 daAuts
